Map: Bridgehead LE (Void)

Players

MefISTo - Winner!

  • Race: Protoss Protoss
  • League: Diamond

bazz - Winner!

  • Race: Protoss Protoss
  • League: Platinum

MoonLjth

  • Race: Protoss Protoss
  • League: Platinum

iQuitBYE

  • Race: Protoss Protoss
  • League: Grandmaster

VOD

Have the link to the VOD?

Description

Time

  • Played on: Oct. 2, 2015, 12:54 p.m.
  • Length: 10:57
Show
View Real Time Build Order
Export as new Build Order

MefISTo Protoss - Winner!

Build Orders:  

Get SALT Encoding   

  12  0:01  Probe (Chrono Boost)  
  13  0:11  Probe (Chrono Boost)  
  14  0:20  Pylon  
  14  0:21  Probe (Chrono Boost)  
  15  0:38  Probe (Chrono Boost)  
  15  0:40  Gateway  
  16  0:48  Probe (Chrono Boost)  
  16  0:49  Assimilator  
  17  0:57  Assimilator  
  17  0:58  Probe (Chrono Boost)  
  18  1:07  Probe (Chrono Boost)  
  19  1:13  Pylon  
  19  1:17  Probe (Chrono Boost)  
  20  1:27  Cybernetics Core, Probe (Chrono Boost)  
  20  1:31  Assimilator  
  21  1:37  Probe (Chrono Boost)  
  22  1:41  Gateway  
  22  1:47  Probe (Chrono Boost)  
  23  1:57  Probe (Chrono Boost)  
  23  1:58  Warp Gate (Chrono Boost)  
  24  2:03  Adept  
  24  2:07  Mothership Core (Chrono Boost)  
  28  2:15  Pylon  
  28  2:26  Probe  
  28  2:27  Pylon  
  28  2:29  Adept  
  31  2:38  Pylon  
  31  2:46  Pylon  
  31  2:50  Probe  
  32  3:09  Adept x2  
  34  3:27  Probe  
  34  3:28  Nexus  
  35  3:41  Probe (Chrono Boost)  
  35  3:48  Gateway  
  36  3:51  Adept x2  
  40  3:58  Probe (Chrono Boost)  
  41  4:08  Probe (Chrono Boost)  
  42  4:14  Gateway  
  42  4:16  Gateway  
  42  4:25  Probe (Chrono Boost)  
  43  4:34  Probe (Chrono Boost)  
  43  4:35  Pylon  
  43  4:37  Pylon  
  44  4:40  Probe (Chrono Boost)  
  44  4:44  Probe (Chrono Boost)  
  42  4:50  Probe (Chrono Boost)  
  42  4:51  Adept  
  45  4:54  Adept  
  45  4:58  Probe (Chrono Boost)  
  46  5:00  Probe (Chrono Boost)  
  45  5:18  Probe (Chrono Boost)  
  46  5:25  Twilight Council  
  46  5:32  Adept x3, Assimilator  
  46  5:33  Adept x2  
  46  5:35  Probe x2 (Chrono Boost)  
  58  5:36  Assimilator  
  58  5:42  Pylon  
  58  5:47  Pylon  
  58  5:54  Probe x2 (Chrono Boost)  
  60  6:05  Dark Shrine  
  60  6:06  Pylon  
  58  6:11  Probe  
  58  6:13  Probe  
  58  6:16  Adept x2  
  58  6:17  Adept x2  
  66  6:21  Probe, Adept  
  69  6:32  Probe, Forge  
  69  6:39  Adept x2  
  73  6:41  Adept  
  73  6:44  Shield Upgrade (Chrono Boost)  
  75  6:47  Templar Archives  
  75  6:50  Probe, Adept  
  75  6:52  Probe  
  79  6:56  Sentry  
  81  7:04  Sentry x3  
  81  7:05  Protoss Ground Weapons Level 1 (Chrono Boost)  
  81  7:06  Probe  
  81  7:07  Pylon  
  88  7:17  Dark Templar  
  88  7:20  Dark Templar  
  92  7:34  Dark Templar  
  94  7:41  Pylon  
  94  7:54  Pylon  
  94  7:57  Pylon  
  94  7:59  Pylon  
  94  8:06  Nexus  
  94  8:07  Pylon, Blink  
  94  8:08  Pylon  
  94  8:19  Probe  
  94  8:21  Probe  
  94  8:25  Dark Templar  
  94  8:26  Stalker x3  
  104  8:29  Assimilator  
  104  8:31  Assimilator  
  104  8:33  Probe  
  104  8:34  Photon Cannon  
  104  8:35  Probe  
  106  8:43  Probe  
  106  8:46  Gateway  
  107  8:50  Protoss Ground Weapons Level 2 (Chrono Boost)  
  107  8:52  Stalker  
  106  9:11  Stalker x3, Archon  
  106  9:14  Probe  
  113  9:19  Probe x2  
  115  9:26  Probe  
  115  9:30  Adept  
  118  9:36  Gateway x2  
  118  9:44  Gateway  
  118  9:46  Gateway  
  118  9:51  High Templar x2  
  118  9:52  High Templar x2  
  126  9:54  Archon x2  
  126  9:59  Robotics Facility  
  124  10:08  Forge  
  124  10:29  High Templar x2  
  124  10:30  High Templar x2  
  124  10:31  High Templar  
  124  10:33  Archon x2  
  132  10:38  Probe x2  
  132  10:40  Probe  
  135  10:46  High Templar x3  
  135  10:48  Stalker  
  135  10:49  Archon x2  
  139  10:52  Nexus  
  139  10:54  Pylon  
Show
View Real Time Build Order
Export as new Build Order

bazz Protoss - Winner!

Build Orders: 1 Gate Expand 

Get SALT Encoding   

  12  0:01  Probe (Chrono Boost)  
  13  0:14  Pylon  
  13  0:17  Probe (Chrono Boost)  
  14  0:27  Probe (Chrono Boost)  
  15  0:35  Gateway  
  15  0:39  Probe (Chrono Boost)  
  16  0:47  Assimilator  
  16  0:48  Probe (Chrono Boost)  
  17  0:59  Probe (Chrono Boost)  
  18  1:09  Probe (Chrono Boost)  
  19  1:26  Nexus  
  19  1:29  Probe (Chrono Boost)  
  20  1:38  Pylon  
  20  1:45  Cybernetics Core, Probe (Chrono Boost)  
  21  1:53  Pylon  
  21  1:56  Probe (Chrono Boost)  
  22  2:06  Probe (Chrono Boost)  
  22  2:07  Warp Gate, Assimilator  
  23  2:13  Pylon  
  23  2:16  Probe (Chrono Boost)  
  23  2:19  Adept  
  24  2:28  Probe (Chrono Boost)  
  27  2:42  Mothership Core (Chrono Boost), Probe (Chrono Boost)  
  30  2:46  Adept  
  32  2:52  Probe (Chrono Boost)  
  32  2:58  Gateway  
  33  3:03  Probe (Chrono Boost)  
  31  3:13  Gateway  
  31  3:17  Probe (Chrono Boost)  
  30  3:23  Gateway  
  30  3:24  Probe (Chrono Boost)  
  26  3:35  Probe (Chrono Boost)  
  26  3:38  Probe (Chrono Boost)  
  27  3:47  Probe (Chrono Boost)  
  28  3:48  Probe (Chrono Boost)  
  28  3:55  Pylon  
  29  3:58  Probe (Chrono Boost)  
  29  3:59  Probe (Chrono Boost)  
  30  4:08  Probe (Chrono Boost)  
  31  4:10  Assimilator  
  31  4:11  Stalker  
  33  4:25  Stalker  
  33  4:35  Robotics Facility  
  27  4:46  Pylon  
  27  4:56  Stalker  
  27  5:09  Adept x2  
  31  5:15  Adept  
  33  5:22  Probe (Chrono Boost)  
  33  5:35  Warp Prism  
  33  5:39  Probe (Chrono Boost)  
  34  5:51  Probe (Chrono Boost)  
  35  6:00  Adept x2  
  39  6:13  Probe (Chrono Boost)  
  38  6:23  Probe (Chrono Boost)  
  37  6:32  Probe (Chrono Boost)  
  38  6:42  Probe (Chrono Boost), Nexus  
  39  6:48  Pylon  
  39  6:55  Pylon  
  39  7:07  Probe (Chrono Boost), Observer  
  40  7:14  Adept x2  
  45  7:19  Probe (Chrono Boost)  
  45  7:31  Probe (Chrono Boost)  
  45  7:33  Observer  
  43  7:43  Probe (Chrono Boost)  
  41  7:47  Immortal  
  37  7:55  Probe x2 (Chrono Boost)  
  43  8:05  Probe (Chrono Boost)  
  44  8:07  Probe (Chrono Boost), Adept x3  
  51  8:15  Probe (Chrono Boost)  
  51  8:19  Probe (Chrono Boost)  
  53  8:23  Twilight Council  
  53  8:25  Probe (Chrono Boost)  
  54  8:28  Assimilator  
  54  8:31  Probe (Chrono Boost)  
  55  8:35  Probe (Chrono Boost), Immortal  
  56  8:46  Probe (Chrono Boost)  
  56  8:47  Probe (Chrono Boost)  
  62  8:49  Charge  
  62  8:58  Probe (Chrono Boost)  
  57  9:11  Templar Archives  
  57  9:12  Probe (Chrono Boost)  
  57  9:14  Probe (Chrono Boost)  
  59  9:22  Probe (Chrono Boost)  
  58  9:26  Probe (Chrono Boost)  
  59  9:31  Probe (Chrono Boost)  
  59  9:38  Probe (Chrono Boost)  
  60  9:45  Probe (Chrono Boost)  
  60  9:48  High Templar  
  60  9:49  High Templar x3  
  60  9:51  Archon x2  
  69  9:59  Nexus  
  69  10:06  Pylon  
  69  10:10  Pylon  
  68  10:15  Immortal  
  67  10:25  High Templar  
  67  10:26  High Templar x3  
  67  10:27  Archon  
  67  10:28  Archon  
Show
View Real Time Build Order
Export as new Build Order

MoonLjth Protoss 

Build Orders:  

Get SALT Encoding   

Show
View Real Time Build Order
Export as new Build Order

iQuitBYE Protoss 

Build Orders:  

Get SALT Encoding   

Tags
 
Add a new tag
Caveats
  • Supply blocks, unpowered buildings, or Contaminate may cause inaccurate times.
  • Supply counts are checked every 10 seconds.